 Dungeon Crawl Stone Soup version 0.18-a0-1179-g120c792 (webtiles) character file.

133 Mysteryquy the Cudgeler (level 4, -2/35 HPs)
             Began as a Demonspawn Fighter on Jan 27, 2016.
             Slain by an orc
             ... wielding a +0 short sword
              (4 damage)
             ... on level 3 of the Dungeon.
             The game lasted 00:05:15 (1926 turns).

Mysteryquy the Cudgeler (Demonspawn Fighter)        Turns: 1926, Time: 00:05:15

Health: -2/35      AC: 13    Str: 17    XL:     4   Next: 94%
Magic:  4/4        EV:  9    Int:  9    God:
Gold:   153        SH:  4    Dex: 13    Spells: 0 memorised, 3 levels left

rFire  . . .     SeeInvis .     a - +0 flail
rCold  . . .     Gourm    .     b - +0 scale mail
rNeg   . . .     Faith    .     m - +0 buckler
rPois  .         Spirit   .     C - +2 helmet
rElec  .         Dismiss  .     (no cloak)
rCorr  .         Reflect  .     (no gloves)
SustAt +         Harm     .     (no boots)
MR     .....                    (no amulet)
Stlth  ..........               (no ring)
                                n - ring of sustain attributes

@: not resistant to hostile enchantments, extremely unstealthy
A: iridescent scales 1, powered by pain 1
a: no special abilities


You were on level 3 of the Dungeon.
You were not hungry.

You visited 1 branch of the dungeon, and saw 3 of its levels.

You collected 153 gold pieces.

Inventory:

Hand Weapons
 a - a +0 flail (weapon)
Armour
 b - a +0 scale mail (worn)
 c - a +0 shield
 m - a +0 buckler (worn)
 C - a +2 helmet (worn)
Jewellery
 n - a ring of sustain attributes (left hand)
 v - a cursed amulet of inaccuracy {unknown}
Scrolls
 e - 2 scrolls of enchant weapon {unknown}
 i - 8 scrolls of identify {unknown}
 k - 2 scrolls of random uselessness {unknown}
 q - 3 scrolls of fog {unknown}
 y - a scroll of enchant armour {unknown}
 A - a scroll of remove curse {unknown}
 B - a scroll of noise {unknown}
Potions
 d - 2 potions of might
 h - 2 potions of magic {unknown}
 j - a potion of beneficial mutation {unknown}
 o - a potion of haste {unknown}
 p - 3 potions of curing {unknown}
 s - a potion of heal wounds {unknown}
 x - a potion of brilliance {unknown}
 z - a potion of lignification {unknown}
Books
 w - a book of Clouds

   Spells                             Type                      Level
   a - Mephitic Cloud                 Conjuration/Poison/Air       3
   b - Conjure Flame                  Conjuration/Fire             3
   c - Poisonous Cloud                Conjuration/Poison/Air       6
   d - Freezing Cloud                 Conjuration/Ice/Air          6
   e - Ring of Flames                 Charms/Fire                  7
 D - a book of Debilitation

   Spells                             Type                      Level
   a - Corona                         Hexes                        1
   b - Slow                           Hexes                        2
   c - Gell's Gravitas                Hexes/Translocation          3
   d - Inner Flame                    Hexes/Fire                   3
   e - Cause Fear                     Hexes                        4
   f - Leda's Liquefaction            Hexes/Earth                  4
Comestibles
 f - 3 bread rations
 g - a slice of pizza
 l - a meat ration
 r - a royal jelly
 t - 4 fruits
 u - a beef jerky


   Skills:
 - Level 3.0 Fighting
 + Level 4.7 Maces & Flails
 - Level 2.6 Armour
 - Level 2.6 Shields


You had 3 spell levels left.
You didn't know any spells.

Dungeon Overview and Level Annotations

Branches:
Dungeon (3/15)

Altars:


Innate Abilities, Weirdness & Mutations

You are partially covered in iridescent scales (AC +4).
You sometimes gain a little power by taking damage.


Message History

The magic dart hits you!
* * * LOW HITPOINT WARNING * * *
Found a stone staircase leading down.
You barely miss the orc priest. The orc misses you.
The orc priest closely misses you. You block the orc's attack.
You sock the orc priest!
The orc priest is severely wounded.
The orc priest hits you but does no damage.
The orc hits you but does no damage.
The orc wizard gestures at you while chanting.
The magic dart hits you!
* * * LOW HITPOINT WARNING * * *
The orc priest closely misses you.
You barely miss the orc priest.
The orc priest is severely wounded.
The orc hits you but does no damage. The orc priest closely misses you.
You hit the orc priest.
The orc priest is almost dead.
The orc hits you with a short sword.
You die...

#### #.......... ..#
#######..## #.# ########
#..# ###.###......#
#..## # #.....#.#....###
#.... #.#.#.#.#.#.#....#
#.##. #.#.#.#.[.....o#.#
#.... #.....###.####.#.#
###.. ###.### #.# #@#.#
#.. #.# #...>oo#.# #..
#.# ########.# #.. ###(#
###.......# #.. #...#
#.....###.############..
##.###
#.....###....##.........
#..#
#......##..#............
#.##
#......##....##.........
#.#
#......##.#.#########...


You could see an orc priest, an orc wizard and an orc.

Vanquished Creatures
  7 adders
  A worm (D:3)
  2 giant geckos (D:1)
  An orc (D:3)
  6 bats
  4 giant cockroaches
  10 goblins
  9 hobgoblins
  9 kobolds
  5 ball pythons
  2 giant newts (D:1)
  6 rats
62 creatures vanquished.

Notes
Turn   | Place    | Note
--------------------------------------------------------------
     0 | D:1      | Mysteryquy the Demonspawn Fighter began the quest for the Orb.
     0 | D:1      | Reached XP level 1. HP: 18/18 MP: 1/1
    86 | D:1      | Gained mutation: You sometimes gain a little power by taking damage. [demonic ancestry]
    86 | D:1      | Reached XP level 2. HP: 24/24 MP: 2/2
   368 | D:1      | Gained mutation: You are partially covered in iridescent scales (AC +4). [demonic ancestry]
   368 | D:1      | Reached XP level 3. HP: 22/29 MP: 3/3
   896 | D:2      | Reached skill level 4 in Maces & Flails
   896 | D:2      | Reached XP level 4. HP: 26/35 MP: 4/4
  1924 | D:3      | HP: 1/35 [orc wizard/magic dart (3)]
  1926 | D:3      | Slain by an orc

Vault maps used:
D:1:      minmay_arrival_diagonal_passages
D:3:      first_bread

Action                   |  1- 3 |  4- 6 || total
-------------------------+-------+-------++-------
Melee: Flail             |   149 |   113 ||   262
  Eat: Chunk             |       |     4 ||     4
